 Seeded DCSS version 0.30-b1-5-g8e6c1be481 (webtiles) character file.

Game seed: 1 (custom seed)

3 Kazon the Sneak (level 1, 0/13 HPs)
             Began as a Vampire Enchanter on May 3, 2023.
             Slain by a goblin
             ... wielding a +2 dagger of venom
              (4 damage)
             ... on level 1 of the Dungeon.
             The game lasted 00:01:03 (190 turns).

Kazon the Sneak (Vampire Enchanter)                  Turns: 190, Time: 00:01:04

Health: 0/13       AC:  2    Str:  7    XL:     1   Next: 41%
Magic:  3/3        EV: 12    Int: 17    God:
Gold:   16         SH:  0    Dex: 14    Spells: 4/4 levels left

rFire   . . .        a - +1 dagger
rCold   . . .        (no shield)
rNeg    . . .        b - +0 robe
rPois   .            (no helmet)
rElec   .            (no cloak)
rCorr   .            (no gloves)
SInv    +            (no boots)
Will    .....        (no amulet)
Stlth   +++          (no ring)
HPRegen 0.42/turn    (no ring)
MPRegen 0.08/turn

%: no passive effects
@: lethally poisoned (0 -> -10), healing quickly
A: alive, fangs 3, see invisible, vampiric 1
a: Exsanguinate


You were on level 1 of the Dungeon.
You visited 1 branch of the dungeon, and saw 1 of its levels.

You collected 16 gold pieces.

Inventory:

Hand Weapons
 a - a +1 dagger (weapon)
Missiles
 d - a stone (quivered)
Armour
 b - a +0 robe (worn)
Scrolls
 e - a scroll of silence {unknown}
 f - a scroll of magic mapping {unknown}
Potions
 c - 2 potions of invisibility


   Skills:
 + Level 1.1 Short Blades
 + Level 0.1 Throwing
 + Level 2.1 Dodging
 + Level 4.5 Stealth
 + Level 2.1 Spellcasting
 + Level 4.4 Hexes


You had 4 spell levels left.
You didn't know any spells.
Your spell library contained the following spells:

 Spells                   Type           Power      Damage    Failure   Level
 Confusing Touch          Hex            17%        N/A       9%          3
 Tukima's Dance           Hex            17%        N/A       9%          3
 Ensorcelled Hibernation  Hex/Ice        18%        N/A       12%         2
 Dazzling Flash           Conj/Hex       18%        N/A       22%         3


Dungeon Overview and Level Annotations

Branches:
Dungeon (1/15)

Altars:


Innate Abilities, Weirdness & Mutations

Your natural rate of healing is accelerated.
You have razor-sharp teeth.
You have supernaturally acute eyesight. (SInv)
You are afflicted with vampirism.


Message History

Press: ? - help, Q - select action Shift-Dir - straight line, f/p - rat
Aim: a rat (heavily wounded, 57% to hit)
You throw a stone. The stone closely misses the rat.
Unknown command.
You hit the rat but do no damage.
The rat is heavily wounded.
The rat closely misses you.
You barely miss the rat.
The rat is heavily wounded.
The rat closely misses you.
You hit the rat.
You kill the rat!
You see here a rat corpse.
No other quiver actions available for cycling.
A bat comes into view.
Found a sling.
The helpless bat fails to defend itself.
You puncture the bat!
You kill the bat!
A goblin comes into view. It is wielding a +2 dagger of venom.
The goblin shouts!
The goblin hits you with a +2 dagger of venom.
You are poisoned.
An endoplasm comes into view.
You closely miss the goblin.
The endoplasm quivers.
You punch the goblin.
The goblin is heavily wounded.
You feel very sick. The goblin closely misses you.
You barely miss the goblin.
The goblin is heavily wounded.
You feel sick.
The goblin hits you with a +2 dagger of venom.
You are lethally poisoned!
You closely miss the goblin.
The goblin is heavily wounded.
You feel very sick.
The goblin hits you with a +2 dagger of venom.
You die...

#..#
#####........
##.#
#..###.#. #.#
#..##.... #.#
#.)##.##. #.#
...## ## #.#
#.# #.# #@#
#g# #.# #J#
#.# #.# # #..
## ### #. #.


You could see an endoplasm and a goblin.

Vanquished Creatures
  A hobgoblin (D:1)
  A ball python (D:1)
  A bat (D:1)
  A rat (D:1)
4 creatures vanquished.

Notes
Turn   | Place    | Note
-------+----------+-------------------------------------------
     0 | D:1      | Kazon the Vampire Enchanter began the quest for the Orb.
     0 | D:1      | Reached XP level 1. HP: 13/13 MP: 3/3
    80 | D:1      | Found a faded altar of an unknown god.
   190 | D:1      | Slain by a goblin

Illustrated notes

Levels and vault maps discovered:
D:1:      dpeg_arrival_snail, layout_loops_ring, nicolae_ecumenical_lake_church,
          amethyst_killhole

Action                     || total
---------------------------++-------
  Melee: Dagger            ||    15
         Punch             ||     1
  Throw: Stone             ||     8
   Stab: Sleeping          ||     1
 Armour: Robe              ||     1
  Dodge: Dodged            ||     9
